 Dungeon Crawl Stone Soup version 0.28-a0-664-gc179e30c89 (webtiles) character file.

Game seed: 11131674655049958576

286 jdsmith2816 the Ruffian (level 6, -1/91 HPs)
             Began as a Troll Monk on Oct 15, 2021.
             Splashed by a jelly's acid (6 damage)
             ... on level 4 of the Dungeon.
             The game lasted 00:13:40 (3009 turns).

jdsmith2816 the Ruffian (Troll Monk)                Turns: 3009, Time: 00:13:41

Health: -1/91      AC: -32   Str: 20    XL:     6   Next: 8%
Magic:  5/5        EV: 11    Int:  6    God:
Gold:   145        SH:  0    Dex: 14    Spells: 5/5 levels left

rFire   . . .      SeeInvis .     - Unarmed
rCold   . . .      Faith    .   (no shield)
rNeg    . . .      Spirit   .   a - +0 robe
rPois   .          Reflect  .   (helmet restricted)
rElec   .          Harm     .   (no cloak)
rCorr   .          Rampage  .   (gloves unavailable)
Will    ++...                   (boots unavailable)
Stlth   ..........              f - amulet of regeneration
HPRegen 2.25/turn               W - ring of willpower
MPRegen 0.09/turn               w - ring of willpower

@: berserking, corroded, very quick
A: large, unfitting armour, claws 3, regeneration 1, shaggy fur 1, tough skin 1
a: no special abilities


You were on level 4 of the Dungeon.
You visited 1 branch of the dungeon, and saw 4 of its levels.

You collected 187 gold pieces.
You spent 42 gold pieces at shops.


Innate Abilities, Weirdness & Mutations

You are too large for most types of armour.
You have claws for hands.
Your natural rate of healing is unusually fast.
You are covered in fur. (AC +1)
You have tough skin. (AC +1)


   Skills:
 + Level 3.5 Fighting
 + Level 3.4 Dodging
 - Level 1.0 Stealth
 * Level 5.3 Unarmed Combat


You had 5 spell levels left.
You didn't know any spells.
Your spell library contained the following spells:

 Spells                   Type           Power      Damage    Failure   Level
 Sandblast                Erth           0%         2d4       45%         1

Inventory:

Missiles
 e - 173 stones (quivered)
 p - 2 throwing nets {=f}
Armour
 a - a +0 robe (worn)
 h - a +0 cloak
Jewellery
 f - an amulet of regeneration (around neck)
 w - a ring of willpower (right claw)
 N - a ring of positive energy
 W - a ring of willpower (left claw)
Scrolls
 c - a scroll of identify {unknown}
 g - 2 scrolls of enchant armour {unknown}
 i - a scroll of teleportation {unknown}
 l - a scroll of summoning {unknown}
 m - 2 scrolls of fear {unknown}
 n - 2 scrolls of vulnerability {unknown}
 o - a scroll of magic mapping {unknown}
 r - a scroll of blinking {unknown}
Potions
 b - a potion of attraction {unknown}
 d - a potion of ambrosia {unknown}
 j - 2 potions of berserk rage {!q}
 k - 3 potions of curing {@q1}
 q - 2 potions of haste {unknown}
 s - a potion of flight {unknown}

Dungeon Overview and Level Annotations

Branches:
Dungeon (4/15)
 Temple: D:4-7

Altars:
Fedhas
Nemelex Xobeh
Qazlal
Vehumet

Shops:
D:2 ! D:4

*[ ######.<)......#
#.........#
#..........
#.[.......#
#.........#
#####.##### .# ####
## #@.░ ###░░J░░
#...░░.░░ ░░
#.#░.░░.░░.░
#.##...#...#
#.##########
#.########.# ####
#..........# #..░░░
#########.######.░..≈


You could see a jelly.


Message History

The jelly hits you.
* * * LOW HITPOINT WARNING * * *
You are splashed with acid!
* * * LOW HITPOINT WARNING * * *
It was a potion of berserk rage.
A red film seems to cover your vision as you go berserk!
You feel yourself moving faster!
You feel mighty! The jelly hits you.
* * * LOW HITPOINT WARNING * * *
The acid corrodes you!
You are splashed with acid!
* * * LOW HITPOINT WARNING * * *
You scratch the jelly.
Your claws burn!
* * * LOW HITPOINT WARNING * * *
The jelly is severely wounded.
You scratch the jelly but do no damage. The acid corrodes you!
Your claws burn!
* * * LOW HITPOINT WARNING * * *
The jelly is severely wounded.
The jelly hits you.
* * * LOW HITPOINT WARNING * * *
The acid corrodes you!
You are splashed with acid.
* * * LOW HITPOINT WARNING * * *
You scratch the jelly but do no damage.
Your claws burn!
* * * LOW HITPOINT WARNING * * *
The jelly is severely wounded.
You scratch the jelly but do no damage.
Your claws burn!
* * * LOW HITPOINT WARNING * * *
The jelly is severely wounded.
The jelly hits you.
* * * LOW HITPOINT WARNING * * *
You are splashed with acid.
You die...

Skill      XL: |  1  2  3  4  5 |
---------------+----------------+-----
Unarmed Combat | 4 5 |  5.3
Fighting       | 3 |  3.5
Dodging        | 3 |  3.4
Stealth        | |  1.0

Action                   |  1- 3 |  4- 6 || total
-------------------------+-------+-------++-------
Melee: Unarmed           |   130 |    67 ||   197
       Punch             |     1 |       ||     1
  Use: Potion            |       |     1 ||     1
 Stab: Sleeping          |       |     3 ||     3
Armor: Robe              |    43 |     9 ||    52
Dodge: Dodged            |    74 |    23 ||    97

Levels and vault maps discovered:
D:1:      sevenhm_arrival_forest_fort_large_2, layout_loops_ring
D:2:      cheibrodos_helix_gallery, layout_basic,
          shapermc_ecumenical_altar_rom_forum, serial_shops, nicolae_square_shop
D:3:      layout_basic, nemelex_diamond_rough_becter, serial_forest,
          infiniplex_forest_straight_3, infiniplex_forest_clump_curved,
          infiniplex_forest_split, infiniplex_forest_lined_4_way,
          infiniplex_forest_clump_tiny, infiniplex_forest_clump_small
D:4:      layout_rooms, mainiacjoe_overflow_boulevard, lemuel_tele_altar,
          marbit_many_paths, mainiacjoe_overflow_paths, serial_shops, shop,
          shop, uniq_menkaure

Notes
Turn   | Place    | Note
-------+----------+-------------------------------------------
     0 | D:1      | jdsmith2816 the Troll Monk began the quest for the Orb.
     0 | D:1      | Reached XP level 1. HP: 22/22 MP: 0/0
   171 | D:1      | Reached XP level 2. HP: 29/29 MP: 1/1
   829 | D:2      | Reached XP level 3. HP: 36/36 MP: 2/2
  1054 | D:2      | Found a faded altar of an unknown god.
  1063 | D:2      | Got Plato's Tome of Stones
  1267 | D:2      | Reached skill level 4 in Unarmed Combat
  1308 | D:2      | Found Toowemit's Distillery.
  1317 | D:2      | Bought a potion of curing for 42 gold pieces
  1593 | D:3      | Reached XP level 4. HP: 44/44 MP: 3/3
  1956 | D:3      | Found a sparkling altar of Nemelex Xobeh.
  2096 | D:3      | Reached skill level 3 in Fighting
  2218 | D:3      | Reached skill level 3 in Dodging
  2435 | D:4      | Found Qimny's General Store.
  2496 | D:4      | Reached XP level 5. HP: 53/53 MP: 4/4
  2576 | D:4      | Found a stormy altar of Qazlal.
  2622 | D:4      | Found a blossoming altar of Fedhas.
  2665 | D:4      | Noticed Menkaure
  2686 | D:4      | Killed Menkaure
  2687 | D:4      | Reached skill level 5 in Unarmed Combat
  2687 | D:4      | Reached XP level 6. HP: 42/61 MP: 5/5
  2725 | D:4      | Found Juis's Armour Shop.
  2924 | D:4      | Found a radiant altar of Vehumet.
  3008 | D:4      | HP: 9/91 [acid (3)]
  3009 | D:4      | Splashed by a jelly's acid

Vanquished Creatures
  Menkaure (D:4)
  An iguana (D:4)
  4 gnolls (D:4)
  2 adders
  A worm (D:3)
  2 dart slugs (D:2)
  2 orcs (D:3)
  9 endoplasms
  A giant cockroach (D:2)
  6 goblins
  6 hobgoblins
  10 jackals
  7 kobolds
  5 quokkas
  5 ball pythons
  A bat (D:2)
  2 frilled lizards (D:1)
  3 rats
68 creatures vanquished.

Vanquished Creatures (others)
  A fungus (D:4)
1 creature vanquished.

Grand Total: 69 creatures vanquished

Table legend: (Time is in decaauts)
 A = Elapsed time spent in this place.
 B = Non-inter-level travel time spent in this place.
 C = Inter-level travel time spent in this place.
 D = Time resting spent in this place.
 E = Time spent auto-exploring this place.
 F = Levels seen in this place.
 G = Mean time per level.
                   A        B        C        D        E       F      G
               +--------+--------+--------+--------+--------+-----+--------+
         Total |   2992 |   2925 |     67 |      0 |   2320 |   4 |  748.0 |
       Dungeon |   2992 |   2925 |     67 |      0 |   2320 |   4 |  748.0 |
               +--------+--------+--------+--------+--------+-----+--------+

Top non-repeatable levels by time:
     D:3: 926 daAuts
     D:1: 782 daAuts
     D:2: 715 daAuts
     D:4: 567 daAuts

Table legend:
 A = Non-vault XP
 B = Vault XP
 C = Vault XP percentage of total XP
 D = Non-vault monster count
 E = Vault monster count
 F = Vault count percentage of total count
                 A         B        C        D         E       F
            +---------+---------+-------+---------+---------+-------
      Total |     235 |     174 |  42.5 |      65 |       3 |   4.4
            +---------+---------+-------+---------+---------+-------
        D:1 |      40 |       0 |   0.0 |      24 |       0 |   0.0
        D:2 |      48 |       2 |   4.0 |      17 |       2 |  10.5
        D:3 |      36 |       0 |   0.0 |      10 |       0 |   0.0
        D:4 |     111 |     172 |  60.8 |      14 |       1 |   6.7
            +---------+---------+-------+---------+---------+-------
